Map: Cyber Forest LE

Players

Smeeeger

  • Race: Zerg Zerg
  • League: Platinum
  • Spawn Location: 5:00

ricolocotito - Winner!

  • Race: Zerg Zerg
  • League: Diamond
  • Spawn Location: 11:00

VOD

Have the link to the VOD?

Description

Time

  • Played on: July 18, 2019, 9:57 a.m.
  • Length: 6:27
Show
View Real Time Build Order
Export as new Build Order

Smeeeger Zerg 

Build Orders: Hatch First 

Get SALT Encoding   

  12  0:00  Drone  
  13  0:12  Overlord  
  13  0:22  Drone  
  14  0:31  Drone x2  
  14  0:35  Drone  
  17  0:55  Hatchery  
  17  0:56  Drone  
  17  1:08  Drone  
  18  1:13  Spawning Pool  
  18  1:17  Drone  
  18  1:21  Extractor  
  17  1:27  Drone  
  17  1:31  Drone  
  19  1:39  Overlord  
  19  2:00  Queen  
  21  2:02  Zergling x4  
  23  2:11  Queen  
  25  2:20  Drone x3  
  28  2:27  Metabolic Boost  
  28  2:32  Drone  
  28  2:34  Overlord  
  29  2:45  Drone x2  
  29  2:46  Drone, Queen  
  34  2:57  Baneling Nest  
  33  3:01  Drone x2  
  35  3:08  Overlord  
  35  3:09  Drone  
  36  3:23  Hatchery  
  36  3:26  Drone x2  
  36  3:27  Drone x2  
  39  3:31  Drone x2  
  41  3:36  Drone  
  42  3:46  Drone, Overlord x2  
  43  3:49  Extractor  
  43  3:53  Drone x3  
  43  3:54  Extractor  
  44  4:04  Lair  
  44  4:08  Zergling x8  
  48  4:18  Drone x2  
  48  4:22  Baneling x2  
  48  4:23  Baneling x2  
  50  4:25  Overlord x2  
  50  4:28  Drone x3  
  53  4:35  Zergling x4  
  55  4:39  Drone  
  55  4:40  Drone, Evolution Chamber x2  
  55  4:43  Queen  
  57  5:04  Centrifical Hooks  
  57  5:05  Roach Warren  
  56  5:18  Hydralisk Den  
  56  5:24  Drone x4  
  56  5:26  Drone x3  
  56  5:27  Drone  
  64  5:43  Drone x3  
  64  5:45  Spine Crawler  
  64  5:46  Spine Crawler  
  64  5:47  Drone x3  
  64  5:48  Drone  
  64  5:49  Overlord x3  
  69  5:50  Zergling x6  
  72  6:01  Drone x2  
  72  6:02  Overlord x3  
Show
View Real Time Build Order
Export as new Build Order

ricolocotito Zerg - Winner!

Build Orders: Hatch First 

Get SALT Encoding   

  12  0:04  Drone  
  13  0:13  Overlord  
  13  0:27  Drone  
  14  0:32  Drone x2  
  16  0:40  Drone  
  17  0:49  Drone  
  18  1:01  Hatchery  
  18  1:03  Drone  
  18  1:10  Extractor  
  18  1:11  Drone  
  18  1:20  Spawning Pool  
  18  1:22  Drone  
  18  1:33  Drone  
  19  1:49  Drone  
  21  1:54  Drone  
  21  2:04  Overlord  
  21  2:17  Spine Crawler  
  20  2:23  Drone  
  20  2:24  Queen  
  20  2:26  Spine Crawler, Queen  
  20  2:28  Zergling x2  
  20  2:29  Zergling x2  
  26  2:30  Spine Crawler  
  26  2:33  Drone  
  26  2:40  Metabolic Boost  
  26  2:46  Drone  
  26  2:47  Drone  
  28  2:53  Drone x2  
  30  3:10  Drone  
  30  3:11  Drone x3  
  34  3:18  Roach Warren  
  33  3:31  Drone  
  34  3:36  Drone x2  
  34  3:38  Overlord x2  
  34  3:39  Overlord  
  36  3:57  Drone x5  
  40  4:11  Roach  
  40  4:12  Roach x5  
  40  4:14  Roach x2  
  40  4:16  Roach  
  57  4:37  Hatchery  
  56  4:44  Roach  
  56  4:45  Roach  
  60  4:46  Overlord x4  
  60  5:04  Queen  
  60  5:06  Roach x3  
  60  5:07  Roach x3  
  74  5:24  Roach x3  
  74  5:25  Roach  
  82  5:50  Zergling x8  
  82  5:51  Zergling x4  
  88  5:59  Zergling x12  
  94  6:13  Drone x2  
  94  6:15  Drone  
Tags
 
Add a new tag
Caveats
  • Supply blocks, unpowered buildings, or Contaminate may cause inaccurate times.
  • Supply counts are checked every 10 seconds.